 Dungeon Crawl Stone Soup version 0.28.0-53-g5a82cb258f (webtiles) character file.

Game seed: 7066419590614219547

9729 PhantomBowie the Fighter (level 11, -6/73 HPs)
             Began as a Gargoyle Fighter on May 27, 2022.
             Was a Believer of the Shining One.
             Hit by a javelin thrown by Urug (15 damage)
             ... on level 10 of the Dungeon on May 28, 2022.
             The game lasted 00:43:14 (8513 turns).

PhantomBowie the Fighter (Gargoyle Fighter)         Turns: 8513, Time: 00:43:14

Health: -6/73      AC: 25    Str: 19 (24) XL:     11   Next: 51%
Magic:  11/11      EV:  9    Int: 15      God:    the Shining One [**....]
Gold:   623        SH: 10    Dex:  9      Spells: 10/10 levels left

rFire   . . .      SeeInvis +   x - +0 morningstar
rCold   + . .      Faith    .   N - +0 kite shield
rNeg    + + .      Spirit   .   C - +0 plate armour
rPois   ∞          Reflect  .   (no helmet)
rElec   +          Harm     .   l - +0 cloak
rCorr   .          Rampage  .   B - +0 pair of gloves
Will    .....      Clarity  +   (no boots)
Stlth   ..........              p - amulet of Kikubaaqudgha's Whim {Regen+ Stlth+}
HPRegen 1.02/turn               t - ring of Lughuv {rC+ Int+6 SInv}
MPRegen 0.12/turn               M - +4 ring of evasion

@: glowing
A: sickness immunity, AC +8, negative energy resistance 1, electricity
resistance, torment resistance 1, petrification resistance, clarity,
deterioration 2
a: Renounce Religion, Divine Shield


You were on level 10 of the Dungeon.
You worshipped the Shining One.
The Shining One was pleased with you.
You visited 2 branches of the dungeon, and saw 11 of its levels.
You also visited: Bailey.

You collected 647 gold pieces.
You spent 24 gold pieces at shops.

Inventory:

Hand Weapons
 a - a +0 flail
 x - a +0 morningstar (weapon)
Missiles
 g - 227 stones
 h - 123 sling bullets
 o - 5 boomerangs
 q - 5 curare-tipped darts
 r - 18 poisoned darts
 w - 3 atropa-tipped darts (quivered)
Armour
 l - a +0 cloak (worn)
 B - a +0 pair of gloves (worn)
 C - a +0 plate armour (worn)
 N - a +0 kite shield (worn)
Jewellery
 p - the amulet of Kikubaaqudgha's Whim (around neck) {Regen+ Stlth+}
   (You found it on level 2 of the Dungeon)

   [amulet of regeneration]

   Regen:     It increases your rate of health regeneration.
   Stlth:     It makes you more stealthy.
 t - the ring of Lughuv (left hand) {rC+ Int+6 SInv}
   (You found it on level 2 of the Dungeon)

   [ring of intelligence]

   Int:       It affects your intelligence (+6).
   rC:        It protects you from cold.
   SInv:      It lets you see invisible.
 I - a +6 ring of intelligence
 M - a +4 ring of evasion (right hand)
 R - a ring of resist corrosion
Wands
 b - a wand of flame (49)
 c - a wand of iceblast (3)
 d - a wand of paralysis (7)
 A - a wand of mindburst (10)
 G - a wand of digging (4)
 H - a wand of polymorph (9)
 P - a wand of acid (4)
Scrolls
 e - 3 scrolls of magic mapping
 i - 3 scrolls of immolation
 j - 2 scrolls of amnesia
 m - 3 scrolls of teleportation
 s - 3 scrolls of enchant armour
 u - a scroll of silence {unknown}
 y - a scroll of fog {unknown}
 z - a scroll of holy word {unknown}
 D - 2 scrolls of noise
 F - 2 scrolls of fear {unknown}
 J - 2 scrolls of blinking {unknown}
 L - 2 scrolls of enchant weapon {unknown}
 O - a scroll of torment {unknown}
Potions
 f - 2 potions of curing
 k - 2 potions of haste
 n - 2 potions of lignification
 v - a potion of resistance {unknown}
 E - a potion of experience {unknown}
 K - a potion of attraction {unknown}
 Q - 2 potions of might


   Skills:
 + Level 10.4 Fighting
 + Level 9.2 Maces & Flails
 + Level 10.3 Armour
 + Level 10.3 Shields


You had 10 spell levels left.
You didn't know any spells.
Your spell library contained the following spells:

 Spells                   Type           Power      Damage    Failure   Level
 Summon Small Mammal      Summ           0%         N/A       100%        1
 Call Canine Familiar     Summ           0%         N/A       100%        3
 Portal Projectile        Hex/Tloc       0%         N/A       100%        3
 Summon Guardian Golem    Hex/Summ       0%         N/A       100%        3
 Animate Armour           Summ/Erth      0%         N/A       100%        4
 Olgreb's Toxic Radiance  Pois           0%         N/A       100%        4
 Petrify                  Tmut/Erth      0%         N/A       100%        4
 Blade Hands              Tmut           0%         N/A       100%        5
 Excruciating Wounds      Necr           0%         N/A       100%        5
 Metabolic Englaciation   Hex/Ice        0%         N/A       100%        5
 Iron Shot                Conj/Erth      0%         9d1       100%        6
 Ozocubu's Refrigeration  Ice            0%         4d5       100%        7
 Ignition                 Fire           0%         3d3       100%        8
 Statue Form              Tmut/Erth      Unusable   N/A       N/A         6

Dungeon Overview and Level Annotations

Branches:
Dungeon (10/15)            Temple (1/1) D:7            Lair (0/6) D:10
 Bailey (visited)
    Orc: D:9-12

Altars:
Ashenzari
Cheibriados
Dithmenos
Elyvilon
Fedhas
Gozag
Hepliaklqana
Kikubaaqudgha
Makhleb
Nemelex Xobeh
Okawaru
Qazlal
Ru
Sif Muna
Trog
Uskayaw
Vehumet
Wu Jian
Xom
Yredelemnul
Zin
The Shining One

Shops:
D:7 !*![*

Annotations:
D:5 1 runed translucent door, Crazy Yiuf
D:9 3 runed translucent doors, exclusion: orange crystal statue, Jingleheimer's ghost, novice FoFi
D:10 exclusion: obsidian statue, Urug


Innate Abilities, Weirdness & Mutations

You are immune to sickness and miasma.
Your stone body is resilient. (AC +8)
You are immune to poison.
You resist negative energy. (rN+)
You are resistant to electric shocks. (rElec)
You are resistant to unholy torment.
You are immune to petrification.
You possess an exceptional clarity of mind.
Your body often deteriorates upon taking damage.


Message History

Urug hits you but does no damage.
You hit Urug.
Urug is moderately wounded.
You block Urug's attack. Urug barely misses you.
You barely miss Urug.
Urug is moderately wounded.
Urug hits you but does no damage.
You puncture Urug!
Urug is moderately wounded.
Urug hits you with a +1 broad axe of venom!
Your body deteriorates!
You feel weakened.
You closely miss Urug.
Urug is moderately wounded.
Urug barely misses you.
You hit Urug.
Urug is moderately wounded.
Urug hits you with a +1 broad axe of venom!
You barely miss Urug.
Urug is moderately wounded.
Urug hits you but does no damage.
You puncture Urug!
Urug is heavily wounded.
Urug hits you with a +1 broad axe of venom!
You hit Urug.
Urug is heavily wounded.
Urug hits you with a +1 broad axe of venom!
Urug hits you but does no damage.
You hit Urug.
Urug is heavily wounded.
Urug hits you with a +1 broad axe of venom!
Your body deteriorates!
You feel weakened.
You hit Urug.
Urug is heavily wounded.
Urug barely misses you.
You barely miss Urug.
Urug is heavily wounded.
Urug hits you with a +1 broad axe of venom!!
* * * LOW HITPOINT WARNING * * *
Urug throws a javelin.
The javelin pierces through you!
You die...

#[.....# #+#
#......#
#.....<###
#........###+##
#......#..#≈≈≈#
#......##.'≈≈≈+
#......####≈≈≈#
#####.## #+##
.. #####@# ...
#..o..# ###
#.##### #.# #o#
#'# ... .....
#......


You could see Urug.

Vanquished Creatures
  Erica (D:8)
  2 two-headed ogres
  Pikel (D:5)
  Joseph (D:9)
  2 unseen horrors
  A kobold demonologist (D:5)
  A troll (D:9)
  A hornet (D:8)
  2 wraiths
  3 shadows
  Sigmund (D:5)
  A wyvern (D:6)
  Eustachio (D:4)
  2 steam dragons
  Grum (D:8)
  Menkaure (D:6)
  2 water moccasins
  Duvessa (D:5)
  6 ice beasts
  5 orc warriors
  2 necrophages
  An ogre (D:6)
  3 wolves (D:8)
  2 centaurs
  4 kobold brigands
  2 bullfrogs
  7 scorpions
  A wyvern zombie (D:6)
  2 wyvern skeletons (D:6)
  Dowan (D:5)
  7 killer bees
  An electric eel (D:9)
  A howler monkey (D:7)
  2 centaur zombies (D:9)
  6 orc priests
  3 hounds
  2 jellies
  A bullfrog skeleton (D:6)
  Terence (D:2)
  3 iguanas
  4 orc wizards
  A hound skeleton (D:4)
  3 howler monkey zombies
  7 gnolls
  13 adders
  2 white imps (D:6)
  An ufetubus (D:6)
  An adder skeleton (D:4)
  4 worms
  2 dart slugs (D:1)
  43 orcs
  6 bats
  5 endoplasms
  A giant cockroach (D:1)
  9 hobgoblins
  4 jackals (D:5)
  A quokka (D:2)
  5 ball pythons
  2 frilled lizards
  4 goblins
  17 kobolds
  3 rats
226 creatures vanquished.

Vanquished Creatures (others)
  16 fungi (D:7)
16 creatures vanquished.

Grand Total: 242 creatures vanquished

Notes
Turn   | Place    | Note
-------+----------+-------------------------------------------
     0 | D:1      | PhantomBowie the Gargoyle Fighter began the quest for the
                  | Orb.
     0 | D:1      | Reached XP level 1. HP: 14/14 MP: 1/1
   148 | D:1      | Reached XP level 2. HP: 19/19 MP: 2/2
   686 | D:2      | Reached XP level 3. HP: 19/23 MP: 3/3
   776 | D:2      | Noticed Terence
   785 | D:2      | Killed Terence
   801 | D:2      | Identified the amulet of Kikubaaqudgha's Whim {Regen+
                  | Stlth+}
   829 | D:2      | Reached XP level 4. HP: 7/29 MP: 4/4
  1186 | D:2      | Found a faded altar of an unknown god.
  1432 | D:2      | Identified the ring of Lughuv {rC+ Int+6 SInv}
  1666 | D:3      | Reached XP level 5. HP: 31/33 MP: 5/5
  1687 | D:3      | Noticed a kobold brigand
  1771 | D:3      | Noticed a kobold brigand
  1772 | D:3      | Paralysed by a kobold brigand for 3 turns
  1780 | D:3      | Paralysed by a kobold brigand for 2 turns
  1788 | D:3      | Paralysed by a kobold brigand for 2 turns
  1796 | D:3      | Killed a kobold brigand
  1824 | D:3      | Killed a kobold brigand
  1825 | D:3      | Reached XP level 6. HP: 39/39 MP: 6/6
  2515 | D:4      | Noticed Eustachio
  2576 | D:4      | Noticed a necrophage
  2595 | D:3      | Killed a necrophage
  2596 | D:3      | Reached skill level 5 in Fighting
  2596 | D:3      | Reached skill level 5 in Armour
  2615 | D:4      | Killed Eustachio
  2616 | D:4      | Reached skill level 5 in Shields
  2616 | D:4      | Reached XP level 7. HP: 38/44 MP: 7/7
  3141 | D:5      | Entered Level 5 of the Dungeon
  3284 | D:5      | Noticed a kobold demonologist
  3321 | D:4      | Reached XP level 8. HP: 51/51 MP: 8/8
  3434 | D:5      | Noticed Pikel
  3478 | D:5      | Killed Pikel
  3479 | D:5      | Reached skill level 5 in Maces & Flails
  3640 | D:5      | Found a runed translucent door.
  3641 | D:5      | Noticed Crazy Yiuf
  3862 | D:5      | Noticed a sixfirhy
  3867 | D:5      | Gained mutation: Your body sometimes deteriorates upon
                  | taking damage. [a neqoxec]
  3870 | D:5      | Noticed an ice devil
  3871 | D:5      | Gained mutation: You possess an exceptional clarity of
                  | mind. [a neqoxec]
  3872 | D:5      | Gained mutation: Your body often deteriorates upon taking
                  | damage. [a neqoxec]
  3878 | D:5      | Noticed a rust devil
  3881 | D:5      | Killed a kobold demonologist
  3882 | D:5      | Reached XP level 9. HP: 17/57 MP: 9/9
  3936 | D:5      | Noticed Sigmund
  3963 | D:5      | Killed Sigmund
  4165 | D:6      | Noticed Duvessa
  4165 | D:6      | Noticed Dowan
  4168 | D:6      | Noticed Menkaure
  4187 | D:5      | Killed Duvessa
  4199 | D:5      | Killed Dowan
  4210 | D:6      | Killed Menkaure
  4906 | D:7      | Found Guleqaba's Distillery.
  4915 | D:7      | Found Jethowom's General Store.
  4916 | D:7      | Found Izyggev's Distillery.
  4928 | D:7      | Bought a scroll of identify for 24 gold pieces
  5128 | D:7      | Reached XP level 10. HP: 57/64 MP: 10/10
  5230 | D:7      | Found a staircase to the Ecumenical Temple.
  5247 | Temple   | Entered the Ecumenical Temple
  5474 | Temple   | Became a worshipper of the Shining One
  5665 | D:7      | Found Wess's Assorted Antiques.
  5853 | D:7      | Found Geupoypnaz's Armour Shop.
  5910 | D:7      | Found a glowing silver altar of Zin.
  6188 | D:8      | Reached * piety under the Shining One
  6213 | D:8      | Noticed an unseen horror
  6232 | D:8      | Killed an unseen horror
  6244 | D:8      | Noticed Erica
  6244 | D:8      | Noticed a two-headed ogre
  6302 | D:7      | Killed a two-headed ogre
  6443 | D:8      | Noticed Grum
  6459 | D:8      | Killed Grum
  6632 | D:8      | Killed Erica
  6633 | D:8      | Reached XP level 11. HP: 63/72 MP: 11/11
  6740 | D:9      | Noticed a two-headed ogre
  6753 | D:9      | Killed a two-headed ogre
  6755 | D:9      | Reached skill level 10 in Fighting
  6835 | D:9      | Noticed an orange crystal statue
  6868 | D:9      | Reached skill level 10 in Armour
  6868 | D:9      | Reached skill level 10 in Shields
  6983 | D:9      | Noticed Joseph
  7033 | D:9      | Killed Joseph
  7174 | D:9      | Found a flagged portal.
  7194 | Bailey   | Entered a bailey
  7268 | Bailey   | Noticed an orc knight
  7433 | Bailey   | Noticed an orc knight
  7433 | Bailey   | Noticed an orc knight
  7433 | Bailey   | Noticed an orc knight
  7532 | D:9      | Reached ** piety under the Shining One
  7617 | D:9      | Found a runed translucent gate.
  7619 | D:9      | Found a runed translucent gate.
  7621 | D:9      | Found a runed translucent gate.
  7622 | D:9      | Found an opulent altar of Gozag.
  7625 | D:9      | Noticed Jingleheimer's ghost (novice FoFi)
  7625 | D:9      | Noticed a two-headed ogre
  8063 | D:10     | Entered Level 10 of the Dungeon
  8081 | D:10     | Noticed an obsidian statue
  8320 | D:10     | Found a staircase to the Lair.
  8491 | D:10     | Noticed Urug
  8513 | D:10     | Hit by a javelin thrown by Urug

Illustrated notes

Levels and vault maps discovered:
D:1:      wander_arrival_desolate, layout_loops_ring
D:2:      layout_loops_ring, basic_ecumenical_altar, uniq_terence
D:3:      cheibrodos_thug_alley, layout_loops_ring, mrwooster_statue_mirror
D:4:      layout_gridville, uniq_eustachio
D:5:      layout_gridville, uniq_pikel, uniq_crazy_yiuf_cottage, uniq_sigmund
D:6:      layout_rooms, minivault_26, uniq_duvessa, uniq_menkaure
D:7:      old_forge, layout_loops_cross, zin_treasury, temple_fountains,
          serial_shops, shop, shop, nicolae_shop_stone, shop_coins,
          nicolae_shop_statue_plus
D:8:      layout_basic, feat_on_display, uniq_erica, uniq_grum
D:9:      statuecave_lemuel, layout_basic, ebering_ghost_gozag, enter_bailey_7,
          grunt_ministairs_14, minmay_statue_bubble, uniq_joseph
D:10:     layout_roguey, lair_entry_dummy, minivault_16, minmay_liquid_box,
          uniq_urug
Temple:   mainiacjoe_temple_archimedes_tessellation

Skill      XL: |  1  2  3  4  5  6  7  8  9 10 11 |
---------------+----------------------------------+-----
Armour         | 4 5 6 8 9 10 | 10.3
Fighting       | 4 5 7 8 9 10 | 10.4
Shields        | 4 5 6 8 9 10 | 10.3
Maces & Flails | 3 4 5 7 8 9 |  9.2

Action                   |  1- 3 |  4- 6 |  7- 9 | 10-12 || total
-------------------------+-------+-------+-------+-------++-------
Melee: Flail             |    75 |   106 |       |       ||   181
       Morningstar       |       |    67 |   301 |   418 ||   786
Throw: Stone             |     1 |     1 |       |       ||     2
       Dart              |       |     3 |       |       ||     3
Evoke: Wand              |       |       |       |     3 ||     3
  Use: Potion            |       |     1 |     2 |     1 ||     4
       Scroll            |       |       |     6 |     3 ||     9
 Stab: Invisible         |       |     1 |       |       ||     1
Armor: Scale mail        |    37 |    56 |       |       ||    93
       Plate armour      |       |    62 |   292 |   224 ||   578
Dodge: Dodged            |    36 |    62 |   101 |   140 ||   339
Block: Buckler           |    15 |    41 |   100 |    10 ||   166
       Kite shield       |       |       |       |   204 ||   204
